[Event "FICS rated lightning game"]
[Site "FICS freechess.org"]
[FICSGamesDBGameNo "20000104"]
[White "Penjo"]
[Black "bertha"]
[WhiteElo "1407"]
[BlackElo "1958"]
[WhiteRD "na"]
[BlackRD "na"]
[TimeControl "120+0"]
[Date "1999.01.05"]
[Time "10:40:00"]
[WhiteClock "0:02:00.000"]
[BlackClock "0:02:00.000"]
[ECO "B39"]
[PlyCount "72"]
[Result "0-1"]

1. e4 c5 2. Nf3 Nc6 3. d4 cxd4 4. Nxd4 g6 5. c4 Bg7 6. Be3 Nf6 7. Nc3 Ng4 8. Qxg4 Nxd4 9. Bxd4 Bxd4 10. Be2 d5 11. Qf4 e5 12. Qd2 Bxc3 13. Qxc3 d4 14. Qb4 Qe7 15. c5 O-O 16. O-O b6 17. Rac1 Be6 18. b3 Rfc8 19. Ba6 Rxc5 20. Rxc5 Qxc5 21. Qd2 Rd8 22. Rc1 Qa3 23. Bd3 Rc8 24. Rxc8+ Bxc8 25. h3 Kg7 26. Qc2 Qc5 27. Qe2 Qc3 28. g3 Bxh3 29. Kh2 Be6 30. f4 exf4 31. gxf4 h5 32. f5 Qc7+ 33. Kh3 Bc8 34. Kh4 Qe7+ 35. Kg3 Qg5+ 36. Kf2 gxf5 {White forfeits on time} 0-1

[Event "FICS rated blitz game"]
[Site "FICS freechess.org"]
[FICSGamesDBGameNo "20000103"]
[White "YoJimbo"]
[Black "Sashka"]
[WhiteElo "1451"]
[BlackElo "1671"]
[WhiteRD "na"]
[BlackRD "na"]
[TimeControl "180+0"]
[Date "1999.01.05"]
[Time "01:25:00"]
[WhiteClock "0:03:00.000"]
[BlackClock "0:03:00.000"]
[ECO "C01"]
[PlyCount "90"]
[Result "0-1"]

1. e4 e6 2. Nf3 d5 3. exd5 exd5 4. d4 Nf6 5. Bd3 Be7 6. O-O Bg4 7. h3 Bh5 8. Bg5 Nc6 9. Nc3 Nxd4 10. g4 Nxf3+ 11. Qxf3 Bg6 12. Bxg6 hxg6 13. Rfe1 Kf8 14. Bxf6 Bxf6 15. Nxd5 c6 16. Nf4 Qc7 17. Rad1 Rd8 18. Rxd8+ Qxd8 19. g5 Bxg5 20. Nxg6+ Kg8 21. Nxh8 Kxh8 22. Qh5+ Bh6 23. Qxf7 Qg5+ 24. Kh1 Qh4 25. Re8+ Kh7 26. Qf5+ g6 27. Qf7+ Bg7 28. Qg8+ Kh6 29. Qe6 Qxf2 30. Qe3+ Qxe3 31. Rxe3 Bxb2 32. Rb3 Bd4 33. Rxb7 a5 34. Rd7 c5 35. c4 Bc3 36. Kg2 Bb4 37. Kf3 Kh5 38. Rd5+ Kh4 39. Kg2 g5 40. Rd7 Kh5 41. Kf3 Kg6 42. Kg4 Kf6 43. Rd5 a4 44. Rxg5 Bd2 45. Rd5 Bc3 {White forfeits on time} 0-1

[Event "FICS rated blitz game"]
[Site "FICS freechess.org"]
[FICSGamesDBGameNo "20000102"]
[White "ridley"]
[Black "mukund"]
[WhiteElo "1165"]
[BlackElo "1172"]
[WhiteRD "na"]
[BlackRD "na"]
[TimeControl "120+12"]
[Date "1999.01.04"]
[Time "11:33:00"]
[WhiteClock "0:02:00.000"]
[BlackClock "0:02:00.000"]
[ECO "B30"]
[PlyCount "60"]
[Result "0-1"]

1. e4 c5 2. Nc3 Nc6 3. Nf3 Nf6 4. Bc4 d6 5. O-O Bg4 6. h3 Bh5 7. Be2 e5 8. d3 Be7 9. Nd5 O-O 10. Nxe7+ Nxe7 11. Bg5 Ng6 12. Nh2 h6 13. Bh4 Bxe2 14. Bxf6 Qxf6 15. Qxe2 Nf4 16. Qe3 Qg6 17. g4 f5 18. Kh1 fxg4 19. Nxg4 Rf7 20. Rg1 Qh5 21. Kh2 Raf8 22. Rg3 Qh4 23. Rag1 h5 24. Nh6+ Kh7 25. Nf5 Qf6 26. Rxg7+ Rxg7 27. Rxg7+ Kh8 28. Qf3 Rg8 29. Qxh5+ Nxh5 30. Rxg8+ Kxg8 {White resigns} 0-1

[Event "FICS rated blitz game"]
[Site "FICS freechess.org"]
[FICSGamesDBGameNo "20000100"]
[White "brews"]
[Black "Dunderberg"]
[WhiteElo "1755"]
[BlackElo "1708"]
[WhiteRD "na"]
[BlackRD "na"]
[TimeControl "180+0"]
[Date "1999.01.03"]
[Time "14:02:00"]
[WhiteClock "0:03:00.000"]
[BlackClock "0:03:00.000"]
[ECO "B10"]
[PlyCount "55"]
[Result "1-0"]

1. e4 c6 2. Nf3 d5 3. e5 e6 4. d4 c5 5. Bb5+ Bd7 6. Bxd7+ Nxd7 7. O-O Ne7 8. Bg5 Qc7 9. Re1 Ng6 10. c3 Be7 11. Nbd2 O-O 12. Bxe7 Nxe7 13. Qc2 Ng6 14. Rac1 c4 15. h4 b5 16. Ng5 f5 17. h5 Ngxe5 18. dxe5 Nxe5 19. Nxe6 Qd6 20. Nxf8 Rxf8 21. h6 Nd3 22. hxg7 Rf6 23. Nf3 Rh6 24. Re8+ Kxg7 25. Rf1 Qg6 26. Qe2 Qh5 27. Qe7+ Kg6 28. Rg8# {Black checkmated} 1-0

[Event "FICS rated lightning game"]
[Site "FICS freechess.org"]
[FICSGamesDBGameNo "20000099"]
[White "gaj"]
[Black "SinPiedad"]
[WhiteElo "1745"]
[BlackElo "1614"]
[WhiteRD "na"]
[BlackRD "na"]
[TimeControl "60+0"]
[Date "1999.01.03"]
[Time "09:41:00"]
[WhiteClock "0:01:00.000"]
[BlackClock "0:01:00.000"]
[ECO "D24"]
[PlyCount "53"]
[Result "0-1"]

1. d4 d5 2. Nf3 e6 3. c4 Nf6 4. Nc3 dxc4 5. Bg5 c5 6. d5 Be7 7. dxe6 Bxe6 8. Qxd8+ Bxd8 9. Nb5 Na6 10. Nd6+ Ke7 11. Nxb7 Rb8 12. Nxd8 Rhxd8 13. Bxf6+ gxf6 14. e3 Rxb2 15. Be2 Nb4 16. a3 Nc2+ 17. Kf1 c3 18. Ne1 Nxe1 19. Kxe1 Rdd2 20. Bf3 c2 21. Kxd2 c4 22. Rac1 Bf5 23. Be2 c3+ 24. Kxc3 Ra2 25. Bd3 Rxa3+ 26. Kxc2 Rxd3 27. Kb2 {White resigns} 0-1

[Event "FICS rated blitz game"]
[Site "FICS freechess.org"]
[FICSGamesDBGameNo "20000097"]
[White "Alby"]
[Black "Zaza"]
[WhiteElo "1157"]
[BlackElo "1366"]
[WhiteRD "na"]
[BlackRD "na"]
[TimeControl "120+12"]
[Date "1999.01.02"]
[Time "20:45:00"]
[WhiteClock "0:02:00.000"]
[BlackClock "0:02:00.000"]
[ECO "B50"]
[PlyCount "62"]
[Result "0-1"]

1. e4 c5 2. Nf3 d6 3. Bc4 e6 4. Nc3 Nf6 5. d3 a6 6. h3 b5 7. Bb3 Nc6 8. a3 Be7 9. O-O Bb7 10. Re1 O-O 11. e5 dxe5 12. Nxe5 Qc7 13. Nf3 Rad8 14. Bg5 Nd4 15. Nxd4 cxd4 16. Ne2 Qc6 17. f3 h6 18. Bh4 Rfe8 19. Bf2 e5 20. c3 Nd5 21. cxd4 exd4 22. Nxd4 Qf6 23. Rc1 Nf4 24. Ne2 Nxd3 25. Bd4 Qg6 26. Bxf7+ Kxf7 27. Qb3+ Bd5 28. Qc2 Bxf3 29. Qb3+ Bd5 30. Rf1+ Kg8 31. Qc2 Qxg2# {White checkmated} 0-1

[Event "FICS rated blitz game"]
[Site "FICS freechess.org"]
[FICSGamesDBGameNo "20000096"]
[White "Pepo"]
[Black "HugoPrat"]
[WhiteElo "1568"]
[BlackElo "1706"]
[WhiteRD "na"]
[BlackRD "na"]
[TimeControl "120+12"]
[Date "1999.01.02"]
[Time "07:15:00"]
[WhiteClock "0:02:00.000"]
[BlackClock "0:02:00.000"]
[ECO "B76"]
[PlyCount "79"]
[Result "0-1"]

1. e4 c5 2. Nf3 d6 3. d4 cxd4 4. Nxd4 Nf6 5. Nc3 g6 6. f3 Bg7 7. Be3 Bd7 8. Qd2 Nc6 9. O-O-O O-O 10. h4 Rc8 11. g4 Bxg4 12. fxg4 Nxg4 13. Nb3 Nce5 14. Be2 Nxe3 15. Qxe3 a6 16. h5 Nc4 17. Bxc4 Rxc4 18. hxg6 fxg6 19. Nd4 Bxd4 20. Rxd4 Rxd4 21. Qxd4 e5 22. Qe3 Qf6 23. Nd5 Qf2 24. Qb6 Qg2 25. Rd1 Rf2 26. Qxb7 Rxc2+ 27. Kb1 Qe2 28. Nf6+ Kf8 29. Nxh7+ Ke8 30. Nf6+ Kf8 31. Qd5 Rxb2+ 32. Ka1 Rxa2+ 33. Qxa2 Qxd1+ 34. Qb1 Qd4+ 35. Ka2 Qf2+ 36. Qb2 Qxf6 37. Qb8+ Kg7 38. Qb7+ Kh6 39. Qxa6 Qf2+ 40. Kb3 {White resigns} 0-1

[Event "FICS rated blitz game"]
[Site "FICS freechess.org"]
[FICSGamesDBGameNo "20000095"]
[White "jovanka"]
[Black "abpdoc"]
[WhiteElo "1932"]
[BlackElo "1499"]
[WhiteRD "na"]
[BlackRD "na"]
[TimeControl "180+0"]
[Date "1999.01.01"]
[Time "12:51:00"]
[WhiteClock "0:03:00.000"]
[BlackClock "0:03:00.000"]
[ECO "C88"]
[PlyCount "55"]
[Result "1-0"]

1. e4 e5 2. Nf3 Nc6 3. Bb5 a6 4. Ba4 Nf6 5. O-O Be7 6. Re1 b5 7. Bb3 O-O 8. a4 b4 9. c3 d5 10. exd5 Nxd5 11. Nxe5 Nxe5 12. Rxe5 Nf6 13. d4 Bd6 14. Re1 Ng4 15. h3 Qh4 16. Qf3 Nxf2 17. Bd2 bxc3 18. Nxc3 Rb8 19. Bd5 Bg3 20. Re2 Bg4 21. Re4 Nxh3+ 22. gxh3 Qxh3 23. Rxg4 Qh2+ 24. Kf1 Qxd2 25. Qxg3 Rxb2 26. Rxg7+ Kh8 27. Re1 Rd8 28. Rxf7 {Black forfeits on time} 1-0

[Event "FICS rated blitz game"]
[Site "FICS freechess.org"]
[FICSGamesDBGameNo "20000094"]
[White "ranger"]
[Black "game"]
[WhiteElo "1605"]
[BlackElo "1734"]
[WhiteRD "na"]
[BlackRD "na"]
[TimeControl "180+0"]
[Date "1999.01.01"]
[Time "03:13:00"]
[WhiteClock "0:03:00.000"]
[BlackClock "0:03:00.000"]
[ECO "B07"]
[PlyCount "48"]
[Result "0-1"]

1. e4 d6 2. d4 Nf6 3. Nc3 e6 4. Be2 Be7 5. Be3 O-O 6. Qd2 c5 7. d5 exd5 8. exd5 a6 9. Nf3 Bf5 10. O-O b5 11. Rfe1 b4 12. Nd1 Be4 13. Ng5 Bxd5 14. Bf3 Bxf3 15. Nxf3 Nc6 16. Bg5 Rc8 17. Ne3 Ne4 18. Bxe7 Nxd2 19. Bxd8 Nxf3+ 20. gxf3 Rfxd8 21. Nd5 Nd4 22. Kg2 Kf8 23. c3 Nc2 24. Re7 Nxa1 {White resigns} 0-1

[Event "FICS rated blitz game"]
[Site "FICS freechess.org"]
[FICSGamesDBGameNo "20000093"]
[White "Dkaro"]
[Black "SConst"]
[WhiteElo "1300"]
[BlackElo "1397"]
[WhiteRD "na"]
[BlackRD "na"]
[TimeControl "120+12"]
[Date "1998.12.31"]
[Time "07:12:00"]
[WhiteClock "0:02:00.000"]
[BlackClock "0:02:00.000"]
[ECO "C34"]
[PlyCount "87"]
[Result "1-0"]

1. e4 e5 2. f4 exf4 3. Nf3 d6 4. Bc4 h6 5. O-O Bg4 6. d4 Nf6 7. Nc3 Be7 8. Bxf4 Nbd7 9. h3 Bh5 10. Qd2 Nb6 11. Bb3 Bxf3 12. Rxf3 Qd7 13. a4 d5 14. e5 Ne4 15. Nxe4 dxe4 16. Rg3 O-O-O 17. c4 g5 18. Be3 f5 19. Bf2 h5 20. Rc3 f4 21. d5 e3 22. Bxe3 fxe3 23. Rxe3 Bc5 24. e6 Qe7 25. a5 Bxe3+ 26. Qxe3 Na8 27. Qxa7 c6 28. Qxa8+ Kc7 29. Qa7 Ra8 30. Qb6+ Kb8 31. c5 Ra6 32. Qb4 cxd5 33. Bxd5 Rc8 34. Rc1 Ka7 35. Qc3 Qc7 36. b4 Kb8 37. Qe3 Qe7 38. Rf1 Rd8 39. Rf7 Qe8 40. Qe5+ Ka8 41. Bxb7+ Ka7 42. Bxa6+ Kxa6 43. Qe2+ Qb5 44. Ra7+ {Black resigns} 1-0

[Event "FICS rated blitz game"]
[Site "FICS freechess.org"]
[FICSGamesDBGameNo "20000092"]
[White "stuytown"]
[Black "SConst"]
[WhiteElo "1460"]
[BlackElo "1380"]
[WhiteRD "na"]
[BlackRD "na"]
[TimeControl "120+12"]
[Date "1998.12.30"]
[Time "10:39:00"]
[WhiteClock "0:02:00.000"]
[BlackClock "0:02:00.000"]
[ECO "D00"]
[PlyCount "55"]
[Result "1-0"]

1. d4 d5 2. Bg5 h6 3. Bh4 Qd6 4. c3 Nf6 5. Nf3 Nc6 6. Bg3 Qd7 7. e3 a6 8. Bd3 Ne4 9. Nbd2 Nxg3 10. hxg3 Qg4 11. Rh4 Qe6 12. Nb3 g5 13. Rh2 Qf6 14. Qe2 b6 15. O-O-O e6 16. Nfd2 Bb7 17. f4 Bg7 18. Qf2 Rd8 19. Nf3 g4 20. Ne5 Nxe5 21. dxe5 Qe7 22. Qe2 c5 23. Bxa6 c4 24. Bxb7 Qxb7 25. Nd4 Ra8 26. a3 h5 27. Nb5 Qc7 28. Nxc7+ {Black resigns} 1-0

[Event "FICS rated blitz game"]
[Site "FICS freechess.org"]
[FICSGamesDBGameNo "20000091"]
[White "ranger"]
[Black "jdupont"]
[WhiteElo "1588"]
[BlackElo "1514"]
[WhiteRD "na"]
[BlackRD "na"]
[TimeControl "300+12"]
[Date "1998.12.28"]
[Time "15:30:00"]
[WhiteClock "0:05:00.000"]
[BlackClock "0:05:00.000"]
[ECO "B34"]
[PlyCount "68"]
[Result "0-1"]

1. e4 c5 2. Nf3 Nc6 3. d4 cxd4 4. Nxd4 g6 5. Bc4 Bg7 6. Be3 e6 7. O-O Nge7 8. Nc3 O-O 9. f4 Nxd4 10. Bxd4 Bxd4+ 11. Qxd4 Nc6 12. Qe3 a6 13. Rad1 b5 14. Bb3 Qc7 15. e5 Na5 16. Ne4 Nxb3 17. Qxb3 Bb7 18. Nf6+ Kg7 19. Rxd7 Qc5+ 20. Rf2 Bd5 21. Nxd5 exd5 22. Rxd5 Qa7 23. Kf1 Rfd8 24. Rfd2 Rxd5 25. Qxd5 Re8 26. Qd4 Qb7 27. Kf2 Re6 28. Rd3 Qc7 29. c3 a5 30. h4 h5 31. Qd8 Qc4 32. a3 Qxf4+ 33. Rf3 Qxe5 34. Qd7 Qe1# {White checkmated} 0-1

[Event "FICS rated blitz game"]
[Site "FICS freechess.org"]
[FICSGamesDBGameNo "20000090"]
[White "Benfica"]
[Black "Tiberius"]
[WhiteElo "1648"]
[BlackElo "1626"]
[WhiteRD "na"]
[BlackRD "na"]
[TimeControl "180+6"]
[Date "1998.12.27"]
[Time "09:16:00"]
[WhiteClock "0:03:00.000"]
[BlackClock "0:03:00.000"]
[ECO "B22"]
[PlyCount "33"]
[Result "1-0"]

1. e4 c5 2. c3 Nf6 3. e5 Nd5 4. d4 cxd4 5. Nf3 Nc6 6. Bc4 Nb6 7. Bb3 d6 8. exd6 Qxd6 9. Na3 Bg4 10. Bxf7+ Kxf7 11. Ng5+ Ke8 12. Qxg4 h6 13. Ne4 Qe5 14. O-O Nd7 15. Nc4 Qb5 16. b3 e5 17. Ned6+ {Black resigns} 1-0

[Event "FICS rated blitz game"]
[Site "FICS freechess.org"]
[FICSGamesDBGameNo "20000089"]
[White "erik"]
[Black "Pepo"]
[WhiteElo "1515"]
[BlackElo "1565"]
[WhiteRD "na"]
[BlackRD "na"]
[TimeControl "120+12"]
[Date "1998.12.27"]
[Time "06:11:00"]
[WhiteClock "0:02:00.000"]
[BlackClock "0:02:00.000"]
[ECO "B21"]
[PlyCount "75"]
[Result "1-0"]

1. e4 c5 2. d4 cxd4 3. c3 dxc3 4. Nxc3 e6 5. Bf4 Bc5 6. Bc4 a6 7. Nf3 b5 8. Bb3 Bb7 9. O-O b4 10. Na4 Ba7 11. Qc2 Ne7 12. Rad1 Nbc6 13. Bd6 O-O 14. e5 Rc8 15. Qb1 Re8 16. a3 Na5 17. Bc2 bxa3 18. bxa3 Bd5 19. Bxh7+ Kh8 20. Be4 Nc4 21. Bxd5 Nxd5 22. Qe4 Nxd6 23. exd6 Rc6 24. Qg4 Rxd6 25. Qh5+ Kg8 26. Ng5 Qf6 27. Qh7+ Kf8 28. Qh4 Qh6 29. Qg3 Rc6 30. h4 Rec8 31. Qf3 Qg6 32. Nb2 Rc3 33. Qe2 Rxa3 34. Nd3 Nc3 35. Qb2 Nxd1 36. Qxa3+ Kg8 37. Qxa6 Ne3 38. Qxc8# {Black checkmated} 1-0

[Event "FICS rated blitz game"]
[Site "FICS freechess.org"]
[FICSGamesDBGameNo "20000088"]
[White "Aesculap"]
[Black "Eremos"]
[WhiteElo "1534"]
[BlackElo "1540"]
[WhiteRD "na"]
[BlackRD "na"]
[TimeControl "180+0"]
[Date "1998.12.26"]
[Time "04:55:00"]
[WhiteClock "0:03:00.000"]
[BlackClock "0:03:00.000"]
[ECO "B12"]
[PlyCount "69"]
[Result "0-1"]

1. e4 c6 2. d4 d5 3. e5 Bf5 4. Nc3 e6 5. Nce2 c5 6. Ng3 Bg6 7. Bd3 cxd4 8. f4 Bxd3 9. Qxd3 Nc6 10. Nf3 Qa5+ 11. Bd2 Qb6 12. Rb1 Nb4 13. Qb3 Nc6 14. Qxb6 axb6 15. a3 Bc5 16. f5 Nge7 17. f6 gxf6 18. exf6 Ng8 19. Bg5 h6 20. Bh4 h5 21. Kd2 Rh6 22. Rhe1 Nxf6 23. Ng5 Ng4 24. Nf5 Rg6 25. Nh7 Kd7 26. h3 Ne3 27. Nxe3 dxe3+ 28. Kd1 Rxg2 29. Nf6+ Kc8 30. Ne4 f5 31. Nxc5 bxc5 32. Rxe3 Kd7 33. b4 c4 34. c3 Rxa3 35. Rc1 {White forfeits on time} 0-1

[Event "FICS rated blitz game"]
[Site "FICS freechess.org"]
[FICSGamesDBGameNo "20000087"]
[White "Kogula"]
[Black "Elmerson"]
[WhiteElo "1687"]
[BlackElo "1619"]
[WhiteRD "na"]
[BlackRD "na"]
[TimeControl "180+0"]
[Date "1998.12.24"]
[Time "16:44:00"]
[WhiteClock "0:03:00.000"]
[BlackClock "0:03:00.000"]
[ECO "B06"]
[PlyCount "70"]
[Result "0-1"]

1. e4 g6 2. d4 Bg7 3. f4 c6 4. Nf3 d5 5. e5 h5 6. Bd3 Nh6 7. O-O Bg4 8. Nbd2 e6 9. h3 Bf5 10. Qe2 Bxd3 11. Qxd3 Nf5 12. Kh2 h4 13. Rf2 Bh6 14. Nf1 Ng3 15. Nxg3 hxg3+ 16. Kxg3 Nd7 17. Kh2 Qe7 18. Be3 Nf8 19. c4 dxc4 20. Qxc4 Rd8 21. Nd2 Nd7 22. Ne4 b6 23. Nd6+ Kf8 24. Qxc6 f6 25. Raf1 Kg7 26. d5 Nb8 27. Qb7 Rd7 28. exf6+ Qxf6 29. Qa6 Qe7 30. Qa3 Rf8 31. dxe6 Rxd6 32. f5 Bxe3 33. f6+ Rxf6 34. Rxf6 Rxe6 35. Rf7+ Qxf7 {White forfeits on time} 0-1

[Event "FICS rated blitz game"]
[Site "FICS freechess.org"]
[FICSGamesDBGameNo "20000086"]
[White "NordLyset"]
[Black "Teleman"]
[WhiteElo "1430"]
[BlackElo "1431"]
[WhiteRD "na"]
[BlackRD "na"]
[TimeControl "120+12"]
[Date "1998.12.21"]
[Time "10:08:00"]
[WhiteClock "0:02:00.000"]
[BlackClock "0:02:00.000"]
[ECO "A21"]
[PlyCount "46"]
[Result "0-1"]

1. c4 e5 2. Nc3 f5 3. e4 Nf6 4. d3 d6 5. Bg5 fxe4 6. Nxe4 Be7 7. Bxf6 Bxf6 8. Qh5+ g6 9. Qf3 O-O 10. h4 Nc6 11. h5 Nd4 12. Qd1 Qe7 13. hxg6 hxg6 14. Nf3 Bg4 15. Qd2 Bxf3 16. gxf3 Nxf3+ 17. Ke2 Nxd2 18. Kxd2 c6 19. Be2 d5 20. Nxf6+ Qxf6 21. Rh2 Rad8 22. Rah1 dxc4 23. Rh8+ Qxh8 {White resigns} 0-1

[Event "FICS rated lightning game"]
[Site "FICS freechess.org"]
[FICSGamesDBGameNo "20000085"]
[White "killermove"]
[Black "Gbx"]
[WhiteElo "1836"]
[BlackElo "1793"]
[WhiteRD "na"]
[BlackRD "na"]
[TimeControl "60+2"]
[Date "1998.12.21"]
[Time "05:56:00"]
[WhiteClock "0:01:00.000"]
[BlackClock "0:01:00.000"]
[ECO "B23"]
[PlyCount "66"]
[Result "0-1"]

1. e4 c5 2. Nc3 Nc6 3. f4 d6 4. Bc4 e6 5. Nf3 g6 6. f5 exf5 7. d3 Ne5 8. Bb3 fxe4 9. Nxe4 Bg7 10. O-O Ne7 11. Nfg5 O-O 12. c3 d5 13. Nxc5 b6 14. Na4 h6 15. Nf3 Nxf3+ 16. Qxf3 Bb7 17. d4 Nf5 18. Bf4 Qd7 19. Rae1 Rab8 20. Be5 Rbe8 21. Bxg7 Kxg7 22. Bc2 Nd6 23. Qf6+ Kg8 24. Bxg6 fxg6 25. Qxg6+ Qg7 26. Qxd6 Rxf1+ 27. Rxf1 Ba6 28. Qxd5+ Kh8 29. c4 Bb7 30. Qf3 Bxf3 31. Rxf3 Qxd4+ 32. Kh1 Re1+ 33. Rf1 Rxf1# {White checkmated} 0-1

[Event "FICS rated blitz game"]
[Site "FICS freechess.org"]
[FICSGamesDBGameNo "20000083"]
[White "Erp"]
[Black "kley"]
[WhiteElo "2099"]
[BlackElo "1766"]
[WhiteRD "na"]
[BlackRD "na"]
[TimeControl "120+12"]
[Date "1998.12.17"]
[Time "16:57:00"]
[WhiteClock "0:02:00.000"]
[BlackClock "0:02:00.000"]
[ECO "B99"]
[PlyCount "60"]
[Result "0-1"]

1. e4 c5 2. Nf3 d6 3. d4 cxd4 4. Nxd4 Nf6 5. Nc3 a6 6. Bg5 e6 7. f4 Nbd7 8. Qf3 Qc7 9. O-O-O b5 10. g4 Be7 11. Bxf6 gxf6 12. Bh3 Nc5 13. g5 Bb7 14. Rhg1 b4 15. Nd5 exd5 16. exd5 Rg8 17. Nf5 fxg5 18. Nxe7 Kxe7 19. Rde1+ Kf8 20. fxg5 Bc8 21. Qf6 Nd3+ 22. Kd2 Nxe1 23. Rxe1 Bxh3 24. Qh6+ Rg7 25. Qxh3 Re8 26. Rf1 Qc5 27. g6 Qd4+ 28. Kc1 Qe3+ 29. Qxe3 Rxe3 30. gxh7 Rxh7 {White resigns} 0-1

[Event "FICS rated blitz game"]
[Site "FICS freechess.org"]
[FICSGamesDBGameNo "20000082"]
[White "Teleman"]
[Black "DocBrock"]
[WhiteElo "1414"]
[BlackElo "1238"]
[WhiteRD "na"]
[BlackRD "na"]
[TimeControl "120+12"]
[Date "1998.12.15"]
[Time "16:24:00"]
[WhiteClock "0:02:00.000"]
[BlackClock "0:02:00.000"]
[ECO "D20"]
[PlyCount "101"]
[Result "1-0"]

1. d4 d5 2. c4 dxc4 3. e4 b5 4. a4 a6 5. axb5 a5 6. Bxc4 e6 7. Nc3 c6 8. Nf3 cxb5 9. Bxb5+ Bd7 10. Qa4 Bxb5 11. Nxb5 Nd7 12. Bf4 Bb4+ 13. Kf1 Ngf6 14. Rc1 O-O 15. e5 Nd5 16. Be3 Nxe3+ 17. fxe3 Nb6 18. Qd1 Rb8 19. Nc3 Nd5 20. Nxd5 Qxd5 21. Ke2 Qb5+ 22. Qd3 Ba3 23. Qxb5 Rxb5 24. bxa3 Rb2+ 25. Nd2 Rfb8 26. Rhd1 h6 27. Rc5 a4 28. Ra5 Ra2 29. Rxa4 Rbb2 30. Ra8+ Kh7 31. a4 Rb4 32. a5 Rba4 33. Ra7 Kg6 34. Ra6 Rxa5 35. Rxa5 Rxa5 36. Kf3 Ra2 37. Ne4 Kf5 38. Rc1 f6 39. Rc5 fxe5 40. Rxe5+ Kg6 41. Rxe6+ Kh7 42. Rc6 Ra7 43. d5 Rf7+ 44. Ke2 Ra7 45. d6 Ra2+ 46. Kf3 Rxg2 47. Kxg2 h5 48. d7 h4 49. d8=Q h3+ 50. Kxh3 g5 51. Qe7+ {Black resigns} 1-0

[Event "FICS rated lightning game"]
[Site "FICS freechess.org"]
[FICSGamesDBGameNo "20000080"]
[White "Rambocombo"]
[Black "Overhemd"]
[WhiteElo "1959"]
[BlackElo "1987"]
[WhiteRD "na"]
[BlackRD "na"]
[TimeControl "120+0"]
[Date "1998.12.15"]
[Time "14:30:00"]
[WhiteClock "0:02:00.000"]
[BlackClock "0:02:00.000"]
[ECO "A00"]
[PlyCount "64"]
[Result "0-1"]

1. d3 d5 2. Nd2 c6 3. c3 g6 4. Qc2 Bg7 5. e4 e5 6. Ngf3 Ne7 7. Be2 O-O 8. O-O a5 9. a4 Na6 10. exd5 cxd5 11. d4 e4 12. Bxa6 exf3 13. Bxb7 fxg2 14. Bxa8 gxf1=Q+ 15. Nxf1 Bf5 16. Qe2 Qxa8 17. Qxe7 Re8 18. Qg5 h6 19. Qg3 Re1 20. f3 Qe8 21. b3 Bd3 22. Qf2 Rxf1+ 23. Qxf1 Bxf1 24. Kxf1 Qb8 25. Rb1 Qxh2 26. Be3 Bf6 27. Bg1 Qc2 28. Re1 Bh4 29. Re8+ Kg7 30. c4 Qxb3 31. cxd5 Qxf3+ 32. Bf2 Qxf2# {White checkmated} 0-1

[Event "FICS rated blitz game"]
[Site "FICS freechess.org"]
[FICSGamesDBGameNo "20000079"]
[White "Erp"]
[Black "grouchy"]
[WhiteElo "2099"]
[BlackElo "1657"]
[WhiteRD "na"]
[BlackRD "na"]
[TimeControl "300+0"]
[Date "1998.12.13"]
[Time "12:40:00"]
[WhiteClock "0:05:00.000"]
[BlackClock "0:05:00.000"]
[ECO "B01"]
[PlyCount "76"]
[Result "0-1"]

1. e4 d5 2. exd5 Nf6 3. Bb5+ Bd7 4. Bc4 Bf5 5. Nc3 c6 6. dxc6 Nxc6 7. Nge2 e5 8. d3 Be7 9. O-O O-O 10. Be3 Ng4 11. Ng3 Nxe3 12. fxe3 Bg6 13. Qf3 e4 14. Ncxe4 Ne5 15. Qf2 Nxc4 16. dxc4 Qb6 17. b3 Ba3 18. Nc3 Rae8 19. Nd5 Qd6 20. Rad1 Qe5 21. b4 h5 22. Rd4 a5 23. bxa5 Bc5 24. Rh4 Bxe3 25. Nxe3 Qxe3 26. Qxe3 Rxe3 27. Nxh5 Bxc2 28. Rg4 g6 29. Nf6+ Kg7 30. Nh5+ Kg8 31. Nf6+ Kg7 32. Nd7 Rd8 33. Nc5 Rd2 34. Nxb7 f5 35. Rgf4 Be4 36. a6 Rxg2+ 37. Kh1 Rh3 38. R4f3 Rhxh2# {White checkmated} 0-1

[Event "FICS rated blitz game"]
[Site "FICS freechess.org"]
[FICSGamesDBGameNo "20000078"]
[White "Benalin"]
[Black "Drerio"]
[WhiteElo "1436"]
[BlackElo "1472"]
[WhiteRD "na"]
[BlackRD "na"]
[TimeControl "300+0"]
[Date "1998.12.11"]
[Time "23:18:00"]
[WhiteClock "0:05:00.000"]
[BlackClock "0:05:00.000"]
[ECO "D43"]
[PlyCount "60"]
[Result "1-0"]

1. d4 d5 2. c4 e6 3. Nc3 Nf6 4. Bg5 Be7 5. Nf3 h6 6. Bh4 O-O 7. e3 c6 8. Bd3 Nbd7 9. O-O b6 10. Bg3 Bb7 11. Ne5 Rc8 12. a3 Nxe5 13. Bxe5 c5 14. dxc5 bxc5 15. cxd5 exd5 16. Rc1 Qd7 17. Qc2 Ng4 18. Bf5 Qc6 19. Bxg4 d4 20. Bf3 Qd7 21. exd4 cxd4 22. Bxb7 Qxb7 23. Bxd4 Rfd8 24. Qa4 Bg5 25. Rb1 Rc6 26. Qxa7 Qxa7 27. Bxa7 Bf6 28. Rbc1 Rcd6 29. Bc5 R6d7 30. Rfe1 Rd2 {Black forfeits on time} 1-0

[Event "FICS rated blitz game"]
[Site "FICS freechess.org"]
[FICSGamesDBGameNo "20000077"]
[White "dorsch"]
[Black "bubby"]
[WhiteElo "1289"]
[BlackElo "1353"]
[WhiteRD "na"]
[BlackRD "na"]
[TimeControl "360+0"]
[Date "1998.12.08"]
[Time "14:17:00"]
[WhiteClock "0:06:00.000"]
[BlackClock "0:06:00.000"]
[ECO "B01"]
[PlyCount "65"]
[Result "1-0"]

1. e4 d5 2. e5 c5 3. c3 Bf5 4. d4 e6 5. Bb5+ Nc6 6. Nf3 Qb6 7. Bxc6+ Qxc6 8. Be3 c4 9. Qd2 f6 10. exf6 Nxf6 11. Nh4 Bd3 12. b3 Be7 13. Nf3 O-O 14. Ne5 Qc7 15. Nxd3 Ne4 16. Qc2 cxd3 17. Qxd3 Rac8 18. c4 Bb4+ 19. Bd2 Nxd2 20. Nxd2 dxc4 21. bxc4 Bxd2+ 22. Qxd2 Qxc4 23. Qe3 Rce8 24. Rc1 Qxa2 25. O-O Rf7 26. Ra1 Qd5 27. Rxa7 Rd7 28. Rd1 Red8 29. Ra4 Qb5 30. Qxe6+ Kh8 31. Rc4 Qb3 32. Re1 Rxd4 33. Qe8+ {Black resigns} 1-0

[Event "FICS rated blitz game"]
[Site "FICS freechess.org"]
[FICSGamesDBGameNo "20000075"]
[White "gkinf"]
[Black "Chessnuts"]
[WhiteElo "1385"]
[BlackElo "1371"]
[WhiteRD "na"]
[BlackRD "na"]
[TimeControl "180+0"]
[Date "1998.12.04"]
[Time "17:02:00"]
[WhiteClock "0:03:00.000"]
[BlackClock "0:03:00.000"]
[ECO "A04"]
[PlyCount "37"]
[Result "1-0"]

1. Nf3 e6 2. g3 d5 3. Bg2 c6 4. d3 Nd7 5. b3 b5 6. Bb2 Ngf6 7. Nbd2 g6 8. O-O Bg7 9. Re1 O-O 10. e4 Ba6 11. exd5 cxd5 12. c4 bxc4 13. dxc4 Nb6 14. c5 Nbd7 15. Rc1 Rc8 16. c6 Rxc6 17. Rxc6 Nb6 18. Rc1 Bd3 19. Ne5 {Black resigns} 1-0

[Event "FICS rated blitz game"]
[Site "FICS freechess.org"]
[FICSGamesDBGameNo "20000074"]
[White "Foe"]
[Black "bissett"]
[WhiteElo "1255"]
[BlackElo "1624"]
[WhiteRD "na"]
[BlackRD "na"]
[TimeControl "240+0"]
[Date "1998.12.03"]
[Time "16:32:00"]
[WhiteClock "0:04:00.000"]
[BlackClock "0:04:00.000"]
[ECO "A34"]
[PlyCount "50"]
[Result "0-1"]

1. c4 c5 2. Nc3 g6 3. e3 Bg7 4. a3 Nf6 5. Qc2 d6 6. b3 Bf5 7. Bd3 Bxd3 8. Qxd3 Nc6 9. Bb2 O-O 10. Nf3 Rc8 11. h4 e6 12. Ng5 Ne5 13. Qc2 d5 14. cxd5 exd5 15. Ne2 Qe7 16. Bxe5 Qxe5 17. Rc1 c4 18. bxc4 Rxc4 19. Qb3 Rxc1+ 20. Nxc1 Rc8 21. d4 Qf5 22. Ke2 Ne4 23. f3 Ng3+ 24. Kf2 Nxh1+ 25. Ke2 Rxc1 {White forfeits on time} 0-1